Map: Submarine LE

Players

MissFanta (ThuocLao) - Winner!

  • Race: Protoss Protoss
  • Spawn Location: 5:00

RazerBlader

  • Race: Terran Terran
  • Spawn Location: 11:00

Event: DreamHack SC2 Masters 2020 Winter

VOD

Have the link to the VOD?

Description

Time

  • Played on: Oct. 10, 2020, 12:22 a.m.
  • Length: 16:41

All games in this series

Show
View Real Time Build Order
Export as new Build Order

MissFanta Protoss - Winner!

Build Orders: 1 Gate Expand, Colossus Rush 

Get SALT Encoding   

  12  0:00  Probe  
  13  0:12  Probe  
  14  0:18  Pylon  
  14  0:24  Probe  
  15  0:36  Gateway  
  15  0:37  Probe (Chrono Boost)  
  16  0:44  Assimilator  
  16  0:47  Probe (Chrono Boost)  
  17  0:52  Probe (Chrono Boost)  
  18  1:03  Probe  
  19  1:15  Probe  
  20  1:25  Cybernetics Core  
  19  1:27  Probe  
  20  1:35  Nexus  
  20  1:39  Probe  
  21  1:46  Pylon  
  21  1:51  Probe  
  21  1:53  Assimilator  
  22  2:01  Adept (Chrono Boost)  
  22  2:07  Probe  
  25  2:08  Warp Gate  
  25  2:19  Probe  
  26  2:24  Stalker  
  28  2:31  Probe, Robotics Facility  
  29  2:43  Probe  
  30  2:47  Probe  
  31  2:55  Probe  
  31  2:58  Stalker  
  34  2:59  Probe  
  35  3:07  Probe  
  35  3:09  Pylon  
  35  3:11  Probe  
  37  3:18  Observer  
  37  3:19  Probe  
  39  3:22  Robotics Bay  
  39  3:23  Probe  
  40  3:31  Probe  
  40  3:33  Assimilator  
  41  3:34  Gateway  
  41  3:35  Probe  
  42  3:42  Shield Battery  
  42  3:43  Probe  
  42  3:45  Pylon  
  42  3:48  Probe  
  44  3:54  Warp Prism  
  46  4:08  Gateway  
  46  4:10  Probe  
  46  4:13  Assimilator  
  47  4:17  Gravitic Drive (Chrono Boost)  
  47  4:25  Probe, Colossus  
  47  4:26  Pylon  
  47  4:29  Stalker  
  53  4:37  Stalker  
  58  4:40  Shield Battery  
  58  4:42  Probe  
  59  4:46  Probe  
  56  5:04  Probe  
  57  5:08  Probe  
  57  5:10  Extended Thermal Lance  
  58  5:16  Twilight Council  
  58  5:17  Forge, Disruptor  
  61  5:23  Probe  
  61  5:28  Sentry  
  64  5:30  Probe  
  64  5:32  Pylon  
  65  5:36  Pylon  
  65  5:41  Nexus  
  65  5:43  Protoss Ground Armor Level 1 (Chrono Boost)  
  65  5:44  Sentry  
  65  5:46  Probe  
  68  5:54  Colossus (Chrono Boost)  
  68  6:03  Stalker  
  76  6:10  Stalker  
  78  6:11  Charge  
  76  6:25  Probe, Gateway  
  77  6:33  Zealot x3  
  77  6:36  Gateway  
  83  6:42  Probe  
  83  6:43  Probe  
  85  6:48  Pylon  
  85  6:49  Pylon  
  84  6:58  Probe  
  84  6:59  Photon Cannon  
  84  7:01  Probe  
  86  7:02  Pylon  
  86  7:03  Pylon  
  86  7:07  Probe  
  87  7:14  Probe, Zealot x2  
  87  7:15  Zealot  
  94  7:18  Probe  
  94  7:20  Gateway  
  95  7:23  Templar Archives  
  95  7:25  Disruptor (Chrono Boost)  
  97  7:32  Photon Cannon  
  97  7:41  Zealot x2  
  97  7:42  Zealot x2  
  105  7:48  Probe  
  107  7:51  Probe x2  
  105  8:07  Stalker x4  
  105  8:09  Blink (Chrono Boost)  
  113  8:17  Stalker x2  
  117  8:20  Pylon  
  117  8:25  Pylon  
  117  8:27  Protoss Ground Armor Level 2 (Chrono Boost)  
  117  8:28  Pylon  
  117  8:29  Robotics Facility  
  117  8:32  Psionic Storm  
  117  8:33  Robotics Facility  
  117  8:38  Probe  
  117  8:40  Pylon x2  
  118  8:45  Gateway  
  118  8:49  Assimilator  
  118  8:54  Assimilator  
  118  9:05  Zealot, High Templar x2  
  118  9:06  Zealot x3  
  118  9:09  Probe x2  
  130  9:14  Probe  
  131  9:17  Pylon  
  131  9:21  Photon Cannon  
  131  9:27  Pylon x2  
  131  9:29  Observer  
  131  9:30  Observer  
  129  9:32  High Templar  
  129  9:33  Probe  
  129  9:38  Zealot x5, Forge  
  140  9:43  Probe  
  143  9:57  Pylon  
  139  10:00  Stalker x2  
  139  10:01  Stalker x3  
  145  10:15  Nexus  
  145  10:17  High Templar x2  
  149  10:24  Zealot x5  
  142  10:49  Zealot x5, Observer  
  152  10:50  Zealot x2  
  152  10:55  Warp Prism (Chrono Boost)  
  152  10:56  Colossus (Chrono Boost)  
  156  10:58  Protoss Ground Weapons Level 1 (Chrono Boost)  
  156  11:02  Pylon  
  164  11:11  Protoss Ground Armor Level 3 (Chrono Boost)  
  164  11:19  Photon Cannon  
  164  11:29  Probe x4  
  168  11:35  Photon Cannon  
  168  11:41  Colossus  
  174  11:56  Disruptor  
  174  11:59  Zealot x2  
  174  12:00  Zealot x5  
  191  12:05  Gateway  
  191  12:07  Probe  
  191  12:08  Gateway  
  192  12:09  Shield Battery  
  192  12:11  Gateway  
  192  12:15  Probe x2  
  194  12:17  Assimilator  
  194  12:20  Assimilator  
  193  12:28  Pylon  
  191  12:31  Stalker x5  
  191  12:35  Pylon  
  128  13:05  Disruptor x2 (Chrono Boost)  
  128  13:07  High Templar x3  
  128  13:08  Zealot x7  
  136  13:17  Probe  
  137  13:20  Dark Shrine  
  137  13:30  Stalker x7  
  137  13:31  Protoss Ground Weapons Level 2 (Chrono Boost)  
  139  13:53  Archon  
  109  14:00  Zealot x2, Disruptor (Chrono Boost)  
  109  14:01  Zealot x8, Disruptor (Chrono Boost)  
  119  14:11  Robotics Facility  
  119  14:13  Protoss Shields Level 1 (Chrono Boost)  
  119  14:25  Stalker, High Templar x3  
  119  14:26  Stalker x6  
  139  14:32  Gravitic Boosters  
  139  14:49  Stalker, Dark Templar x3  
  139  14:50  Stalker x3  
  141  15:02  Colossus (Chrono Boost)  
  141  15:04  Immortal (Chrono Boost)  
  147  15:15  Photon Cannon  
  147  15:16  High Templar x2  
  147  15:18  Photon Cannon  
  145  15:34  Stalker x3  
  145  15:35  Zealot x3  
  153  15:36  Zealot  
  157  15:46  Disruptor x2  
  157  15:54  Archon  
  139  16:00  Zealot  
  139  16:01  Zealot x5  
  139  16:03  High Templar x2  
  139  16:04  High Templar  
  157  16:09  Zealot  
Show
View Real Time Build Order
Export as new Build Order

RazerBlader Terran 

Build Orders:  

Get SALT Encoding   

  12  0:00  SCV  
  13  0:12  SCV  
  14  0:17  Supply Depot  
  14  0:24  SCV  
  15  0:38  SCV  
  15  0:39  Barracks  
  16  0:44  Refinery  
  16  0:50  SCV  
  17  1:03  SCV  
  18  1:15  SCV  
  19  1:28  Marine  
  19  1:32  Supply Depot, Orbital Command  
  20  1:35  Refinery  
  20  1:49  Barracks Reactor  
  20  2:04  Command Center  
  20  2:08  SCV  
  21  2:17  Factory  
  21  2:23  SCV  
  21  2:26  Marine  
  21  2:27  Marine  
  24  2:35  SCV  
  25  2:42  Bunker  
  25  2:44  Marine  
  25  2:45  Marine  
  25  2:48  SCV  
  28  2:56  Supply Depot  
  28  3:02  Marine  
  28  3:03  Marine  
  30  3:07  Factory Tech Lab  
  30  3:10  Starport  
  30  3:13  SCV  
  31  3:21  Orbital Command  
  31  3:25  SCV  
  32  3:30  Siege Tank  
  32  3:33  Marine  
  36  3:34  Marine  
  36  3:40  SCV  
  38  3:47  Supply Depot, Medivac  
  40  3:51  SCV  
  40  3:55  Marine x2  
  41  3:59  SCV  
  44  4:05  Siege Tank  
  44  4:09  SCV  
  48  4:11  SCV  
  49  4:21  SCV  
  49  4:23  Viking  
  52  4:29  SCV  
  52  4:30  Marine x2  
  55  4:34  Barracks  
  55  4:35  Barracks  
  55  4:37  SCV  
  56  4:42  Supply Depot  
  56  4:44  Siege Tank  
  59  4:48  Marine x2  
  55  5:03  SCV x2  
  55  5:05  Starport Tech Lab  
  55  5:06  Marine  
  57  5:09  Refinery  
  57  5:10  Engineering Bay  
  57  5:15  SCV x2  
  59  5:24  Supply Depot  
  59  5:26  Factory Reactor  
  59  5:27  SCV x2  
  61  5:31  Supply Depot, Stimpack  
  61  5:32  Marauder, Marine  
  61  5:33  Marine  
  61  5:35  Marauder  
  67  5:39  SCV x2, Terran Infantry Weapons Level 1  
  67  5:40  Starport Reactor  
  69  5:47  Refinery  
  69  5:51  SCV x2, Supply Depot  
  69  5:53  Combat Shield  
  69  5:54  Marine x2  
  73  5:58  Marauder  
  73  6:00  Marauder  
  73  6:03  SCV  
  79  6:04  SCV  
  78  6:15  SCV  
  78  6:16  SCV  
  78  6:17  Marine  
  79  6:18  Supply Depot  
  79  6:19  Marauder  
  79  6:21  Widow Mine  
  79  6:23  Widow Mine  
  85  6:25  Marine  
  85  6:26  Marauder  
  85  6:27  SCV  
  85  6:31  Medivac  
  85  6:37  Medivac  
  85  6:39  Marine  
  88  6:41  Marauder  
  88  6:42  SCV  
  88  6:43  Marine  
  88  6:46  SCV  
  93  6:47  Marine  
  93  6:54  SCV, Widow Mine x2  
  98  6:58  SCV, Marine  
  101  7:04  Supply Depot  
  101  7:06  SCV, Marauder  
  104  7:08  Medivac  
  104  7:10  Medivac  
  104  7:11  Supply Depot  
  104  7:15  Concussive Shells  
  106  7:17  Marine  
  107  7:25  Marauder, Marine  
  110  7:41  Marauder, Command Center, Marine  
  110  7:42  Medivac  
  105  7:47  SCV  
  106  7:54  Marauder  
  106  7:55  SCV  
  106  7:58  Barracks  
  109  7:59  Marine, Barracks  
  109  8:03  Marauder  
  109  8:05  Marine  
  113  8:12  SCV  
  114  8:15  SCV, Marauder  
  114  8:17  Marine  
  114  8:19  Terran Infantry Armor Level 1  
  118  8:23  Marine  
  118  8:24  Marine  
  120  8:34  Starport  
  120  8:35  Marine  
  120  8:36  Marauder  
  120  8:41  SCV x2, Marine  
  124  8:47  Marauder  
  128  8:48  Barracks Reactor, Barracks Tech Lab  
  128  8:51  Viking x2  
  128  8:53  SCV  
  133  8:57  Orbital Command  
  133  9:04  Marine  
  133  9:05  Marine  
  133  9:06  SCV  
  136  9:11  Armory, Engineering Bay, Marine  
  136  9:13  Supply Depot  
  135  9:21  Viking  
  136  9:25  SCV  
  136  9:26  SCV  
  136  9:27  Viking  
  136  9:30  Viking  
  141  9:31  Liberator  
  141  9:32  Marine  
  141  9:33  Marine x2  
  141  9:37  Marauder  
  147  9:39  Marauder  
  147  9:43  Supply Depot, Marine  
  147  9:44  Marauder  
  152  9:51  SCV  
  152  9:52  SCV  
  154  9:55  Supply Depot  
  151  10:00  Marine  
  151  10:01  Marauder, Marine x2  
  151  10:05  Terran Infantry Weapons Level 2  
  156  10:09  Marine  
  156  10:10  Marauder, Marine  
  154  10:17  Terran Infantry Armor Level 2  
  154  10:19  Command Center  
  154  10:24  Refinery x2, Ghost Academy  
  154  10:25  Marine  
  154  10:26  Marauder  
  154  10:28  Marine  
  157  10:29  Marauder  
  156  10:39  Marine x2  
  156  10:40  Marauder  
  148  10:47  Marauder  
  149  10:50  Marauder  
  149  10:51  Marine  
  149  10:53  SCV  
  149  10:56  Enhanced Shockwaves  
  153  10:58  SCV, Supply Depot  
  153  10:59  SCV  
  153  11:02  Marine x3  
  160  11:05  Ghost  
  160  11:08  Marine  
  160  11:10  Missile Turret  
  161  11:13  Marine  
  161  11:20  Marine  
  162  11:25  Marine x2  
  162  11:27  Ghost  
  162  11:30  Ghost  
  167  11:33  Ghost  
  167  11:34  SCV, Marine  
  167  11:37  SCV, Missile Turret  
  167  11:38  Supply Depot, Marine  
  173  11:43  Marine  
  173  11:46  Viking  
  176  11:50  Medivac  
  176  11:51  Supply Depot  
  176  11:53  Marine x2  
  174  11:56  SCV x2, Ghost  
  174  11:57  SCV  
  179  12:02  Planetary Fortress  
  179  12:06  Marine  
  180  12:08  SCV  
  180  12:09  Viking  
  180  12:11  Marine  
  180  12:15  Viking  
  186  12:19  Marauder, Marine  
  186  12:20  Marine  
  190  12:24  Marine  
  190  12:25  Marauder, Marine  
  193  12:34  Missile Turret  
  193  12:38  SCV x2  
  187  12:47  Marine  
  187  12:48  Marauder  
  164  12:55  Marine x2  
  164  12:56  Marauder x2  
  161  12:58  Marine  
  161  12:59  Medivac  
  161  13:00  Medivac  
  161  13:02  Medivac  
  163  13:09  Marauder  
  163  13:11  Medivac  
  167  13:15  SCV x2  
  167  13:16  Ghost x2, Marine x3  
  167  13:17  Marine  
  167  13:19  Command Center  
  177  13:29  Medivac  
  177  13:31  Marauder  
  177  13:34  Marine x2  
  181  13:38  Marine  
  177  13:44  Marine  
  177  13:46  Marauder x2  
  171  13:52  Marauder  
  171  13:54  Marine  
  150  13:57  Marine  
  150  13:59  Marine  
  150  14:01  Marine  
  150  14:02  SCV  
  145  14:03  Terran Infantry Weapons Level 3  
  145  14:07  Marauder x2  
  149  14:12  SCV x2, Marine  
  149  14:13  SCV, Marauder, Barracks  
  149  14:14  Barracks  
  149  14:15  Barracks, Liberator  
  158  14:19  Liberator  
  158  14:20  Marine  
  162  14:24  Liberator  
  162  14:28  Refinery  
  162  14:31  Terran Ship Weapons Level 1  
  165  14:33  Marauder, Marine  
  165  14:34  Marine  
  165  14:36  Marine  
  170  14:41  Liberator  
  172  14:45  Marine x2  
  172  14:46  Marauder  
  172  14:50  Marine  
  167  14:56  Marine  
  167  14:57  Marauder  
  167  14:59  Marine, Liberator  
  163  15:03  Marine  
  163  15:04  Marauder  
  166  15:07  SCV  
  166  15:08  Barracks Tech Lab  
  166  15:09  Barracks Tech Lab x2  
  166  15:23  Marine x2  
  166  15:24  Marauder x2  
  159  15:30  Liberator  
  159  15:34  Marine x2  
  159  15:35  Marauder  
  169  15:39  Marine  
  169  15:41  Command Center  
  158  15:55  Ghost, Marine  
  158  15:56  Marauder, Marine  
  115  15:58  Marine  
  115  15:59  Marauder, Marine  
  115  16:01  Marine  
  115  16:03  Marine  
  114  16:06  Marine  
  115  16:13  Marine  
Tags
 
Add a new tag
Caveats
  • Supply blocks, unpowered buildings, or Contaminate may cause inaccurate times.
  • Supply counts are checked every 10 seconds.